 Dungeon Crawl Stone Soup version 0.25.1-8-g42b30a86e7 (webtiles) character file.

Game seed: 5521372249334140419

36747 Clowwww the Cleaver (level 13, -8/101 HPs)
             Began as a Demonspawn Fighter on Dec 12, 2020.
             Was an Elder of Ashenzari.
             Mangled by a freezing wraith (9 damage)
             ... on level 14 of the Dungeon.
             The game lasted 00:54:45 (18260 turns).

Clowwww the Cleaver (Demonspawn Fighter)           Turns: 18260, Time: 00:54:46

Health: -8/101     AC: 12    Str: 22    XL:     13   Next: 54%
Magic:  0/13       EV: 11    Int:  7    God:    Ashenzari [****..]
Gold:   660        SH: 17    Dex: 14    Spells: 12/12 levels left

rFire    + + +     SeeInvis +   J - +5 war axe of Fificsi {vorpal, Fragile rElec rF++} (curse)
rCold    + + +     Gourm    .   c - +0 kite shield
rNeg     . . .     Faith    .   b - +1 scale mail
rPois    +         Spirit   +   (no helmet)
rElec    +         Reflect  +   (no cloak)
rCorr    .         Harm     .   t - +0 pair of gloves (curse)
MR       +....     Clarity  +   I - +1 pair of boots {run}
Stlth    +++.......             e - amulet of reflection
HPRegen  0.26/turn              K - ring of Due Proportion {rPois MR+}
MPRegen  0.26/turn              z - ring of Raur {+Blink rF+ rC+++ Int-2 Dex-5} (curse)

@: quick
A: hooves 1, thin skeletal structure 3, spiny 2, magic shield, magic
regeneration
a: Curse Item, Scrying, Renounce Religion, Evoke Blink


You were on level 14 of the Dungeon.
You worshipped Ashenzari.
Ashenzari was greatly pleased with you.
You were not hungry.

You visited 1 branch of the dungeon, and saw 14 of its levels.
You also visited: Gauntlet.

You collected 1284 gold pieces.
You spent 624 gold pieces at shops.

Inventory:

Hand Weapons
 a - a +3 war axe
 J - the cursed +5 war axe of Fificsi (weapon) {vorpal, Fragile rElec rF++}
   (You found it on level 10 of the Dungeon)

   It inflicts extra damage upon your enemies.
   It greatly protects you from fire.
   It insulates you from electricity.
   It will be destroyed if unequipped.
   It has a curse placed upon it.
Missiles
 k - 9 javelins (quivered)
Armour
 b - a +1 scale mail (worn)
 c - a +0 kite shield (worn)
 t - a cursed +0 pair of gloves (worn)
 E - the +18 shield of the Gong {rElec rN+ MR+ EV-5}
   (You found it on level 10 of the Dungeon)

   It affects your evasion (-5).
   It insulates you from electricity.
   It protects you from negative energy.
   It affects your resistance to hostile enchantments.
 G - the cursed +0 plate armour of Ycsiq {rPois MR- Str-2 Slay+5}
   (You found it in a Gauntlet)

   It affects your strength (-2).
   It affects your accuracy and damage with ranged weapons and melee attacks
   (+5).
   It protects you from poison.
   It affects your resistance to hostile enchantments.
   It has a curse placed upon it.
 I - a +1 pair of boots of running (worn)
Jewellery
 e - an amulet of reflection (around neck)
 i - a +4 ring of protection
 s - an uncursed ring of positive energy
 w - an uncursed ring of resist corrosion
 z - the cursed ring of Raur (right hand) {+Blink rF+ rC+++ Int-2 Dex-5}
   (You acquired it on level 5 of the Dungeon)

   [ring of protection from fire]

   It affects your intelligence (-2).
   It affects your dexterity (-5).
   It protects you from fire.
   It renders you almost immune to cold.
   It lets you blink.
   It has a curse placed upon it.
 F - an uncursed ring of protection from cold
 K - the ring of Due Proportion (left hand) {rPois MR+}
   (You found it in a Gauntlet)

   [ring of protection from magic]

   It protects you from poison.
   It affects your resistance to hostile enchantments.
 M - an uncursed ring of flight
Wands
 d - a wand of acid (30)
 j - a wand of clouds (6)
 n - a wand of random effects (41)
 p - a wand of iceblast (31)
 r - a wand of polymorph (18)
 v - a wand of digging (5)
 x - a wand of flame (75)
 C - a wand of paralysis (14)
Scrolls
 l - 9 scrolls of teleportation
 o - a scroll of fog
 u - 3 scrolls of magic mapping
 y - 2 scrolls of identify
 B - a scroll of enchant weapon
 H - 2 scrolls of amnesia
 O - 2 scrolls of remove curse
 S - a scroll of fear
Potions
 g - 5 potions of flight
 h - 8 potions of curing
 m - 3 potions of stabbing
 q - 2 potions of magic
 A - 3 potions of brilliance
 D - a potion of haste
 L - a potion of resistance
 P - a potion of might
 R - 2 potions of cancellation
Comestibles
 f - 34 rations
 N - a chunk of flesh


   Skills:
 + Level 9.3 Fighting
 + Level 13.0(16.1) Axes
 + Level 6.5 Throwing
 + Level 7.9 Armour
 + Level 4.5 Dodging
 + Level 6.0 Stealth
 + Level 9.7 Shields
 + Level 0.8 Evocations


You had 12 spell levels left.
You didn't know any spells.
Your spell library contained the following spells:

 Spells                   Type           Power        Failure   Level  Hunger
 Corona                   Hex            #......      91%         1    ##.....
 Freeze                   Ice            #...         91%         1    ##.....
 Corpse Rot               Necr/Air       N/A          97%         2    ###....
 Ensorcelled Hibernation  Hex/Ice        #.....       97%         2    ###....
 Confusing Touch          Hex            #.......     100%        3    ####...
 Dazzling Flash           Conj/Hex       #.....       100%        3    ####...
 Frozen Ramparts          Ice            #.....       100%        3    ####...
 Gell's Gravitas          Tloc           #.........   100%        3    ####...
 Ozocubu's Armour         Chrm/Ice       #.......     100%        3    ####...
 Portal Projectile        Hex/Tloc       #.....       100%        3    ####...
 Stone Arrow              Conj/Erth      #.....       100%        3    ####...
 Tukima's Dance           Hex            #.......     100%        3    ####...
 Hailstorm                Conj/Ice       #.......     100%        4    #####..
 Summon Ice Beast         Ice/Summ       #.......     100%        4    #####..
 Summon Forest            Summ/Tloc      #.........   100%        5    ######.
 Dispersal                Tloc           #.........   100%        6    #######
 Eringya's Noxious Bog    Tmut/Pois      #.........   100%        6    #######
 Hydra Form               Tmut           #.........   100%        6    #######
 Summon Hydra             Summ           #.........   100%        7    #######
 Controlled Blink         Tloc           N/A          100%        8    #######
 Disjunction              Tloc           #.........   100%        8    #######


Dungeon Overview and Level Annotations

Branches:
Dungeon (14/15)            Temple (0/1) D:7            Lair (0/6) D:11
    Orc (0/2) D:9          Vaults (0/5) D:14        Gauntlet (visited)

Altars:
Ashenzari
Dithmenos
Elyvilon
Makhleb
Nemelex Xobeh
Okawaru
Ru
Sif Muna
Uskayaw
Vehumet
Xom
The Shining One

Shops:
D:5 ?   D:6 [   D:10 %(=:


Innate Abilities, Weirdness & Mutations

You have large cloven feet.
You have an unnaturally thin skeletal structure. (Dex +6, Stealth++)
You are mostly covered in sharp spines.
When hurt, damage is shared between your health and your magic reserves.
You regenerate magic rapidly.


Message History

Here: a freezing wraith (almost destroyed)
The floor.
Press: ? - help, v - describe, . - travel
Here: a freezing wraith (almost destroyed)
The floor.
Evoke which item? (* to show all) (? for menu, Esc to quit)
Aiming: Corrosive Bolt
Press: ? - help, Shift-Dir - straight line, f - centaur warrior zombie
Aim: a centaur warrior zombie The bolt of acid hits the freezing wraith but does no damage.
The freezing wraith is almost destroyed.
The bolt of acid hits the centaur warrior zombie.
The centaur warrior zombie is splashed with acid!
The acid corrodes the centaur warrior zombie!
The centaur warrior zombie is lightly damaged.
The freezing wraith is struck by your spines.
The freezing wraith hits you. The freezing wraith freezes you. You resist.
* * * LOW HITPOINT WARNING * * *
The freezing wraith hits you!
You die...

,* , ,,** ,,
*,,* , *, *
**,,,, ,
,...# *, , *,
* * >, ,* **
##..# * , , ,
* **#...# ###
, , * ** ,
+...#,..#, ,,
,, *
,,{#.?.#..%#,
,,, , * +
*#..Z#...# ,,
,* * ,, *
#.TWV$∩.#*,*
, ,* , ,
,#†.@# **
,,** , *
#...# , * * ,
,, ***
∆#...#, * *,*
, * *#...####
** * ,
*##.###.# **
, , * *
#.....# * ,,,
, #####.# **
*, #.# * *
#.# ,


You could see a freezing wraith, a troll, a vampire and a centaur warrior zombie
(corroded).

Vanquished Creatures
  Frances (D:13)
  Gastronok (D:12)
  A balrug (Gauntlet)
  A minotaur (Gauntlet)
  Erolcha (D:12)
  A hydra (D:8)
  3 centaur warriors
  A two-headed ogre (D:12)
  A death knight (D:12)
  3 tengu warriors
  4 death yaks (D:12)
  An unseen horror (D:13)
  A necromancer (D:14)
  A manticore (D:13)
  The ghost of kaldamae the Skirmisher, a novice OpMo (D:6)
  A cyclops (D:13)
  2 moths of wrath (Gauntlet)
  Maurice (D:12)
  A guardian serpent (shapeshifter) (D:14)
  A gargoyle (D:13)
  An efreet (D:13)
  2 freezing wraiths (D:12)
  5 trolls
  5 hornets
  2 hippogriffs
  2 dream sheep (D:8)
  Sigmund (D:5)
  A vampire (D:13)
  3 wraiths (D:12)
  A basilisk (D:13)
  20 yaks
  2 wyverns (D:9)
  2 hungry ghosts
  A soldier ant (D:12)
  2 water moccasins
  3 porcupines (D:11)
  5 orc warriors
  4 sky beasts
  7 ice beasts
  A black bear (D:7)
  A hornet zombie (D:14)
  A necrophage (D:8)
  10 ogres
  12 wolves (Gauntlet)
  7 phantoms
  20 centaurs
  Blork the orc (D:5)
  A crocodile (D:11)
  6 big kobolds
  A gnoll sergeant (D:11)
  10 bullfrogs
  3 scorpions
  2 troll zombies (D:9)
  10 killer bees
  An electric eel (D:12)
  7 crimson imps
  A centaur zombie (D:7)
  2 bullfrog zombies
  5 orc priests
  5 centaur skeletons
  10 hounds
  2 jellies
  2 quasits
  7 orc wizards
  3 bullfrog skeletons
  6 iguanas
  Ijyb (D:3)
  Natasha (twice) (D:4)
  Terence (D:3)
  13 worker ants
  4 ogre zombies (D:9)
  A hound zombie (D:7)
  A killer bee simulacrum (D:6)
  Robin (D:3)
  5 gnolls (D:11)
  A howler monkey zombie (D:6)
  14 adders
  3 shadow imps
  3 white imps (D:6)
  A howler monkey simulacrum (D:6)
  An ooze (D:1)
  An adder zombie (D:8)
  4 worms
  3 dart slugs
  6 leopard geckos
  36 orcs
  4 ball pythons
  17 goblins
  11 hobgoblins
  4 jackals (D:3)
  5 quokkas
  A ball python skeleton (D:6)
  15 bats
  7 frilled lizards
  A goblin skeleton (D:9)
  A goblin zombie (D:9)
  2 hobgoblin skeletons (D:9)
  3 hobgoblin zombies (D:9)
  21 kobolds
  12 orc zombies (D:9)
  A quokka skeleton (D:9)
  10 rats
  5 fungi (D:11)
  8 plants
464 creatures vanquished.

Vanquished Creatures (others)
  5 dream sheep (D:7)
  A bullfrog zombie (D:13)
  A demonic plant (Gauntlet)
  13 fungi (D:11)
  2 plants (D:11)
  10 withered plants (Gauntlet)
32 creatures vanquished.

Grand Total: 496 creatures vanquished

Notes
Turn   | Place    | Note
-------+----------+-------------------------------------------
     0 | D:1      | Clowwww the Demonspawn Fighter began the quest for the Orb.
     0 | D:1      | Reached XP level 1. HP: 18/18 MP: 1/1
   239 | D:1      | Gained mutation: You have a somewhat thin skeletal
                  | structure. (Dex +2, Stealth) [demonic ancestry]
   239 | D:1      | Reached XP level 2. HP: 22/24 MP: 2/2
   761 | D:1      | Reached skill level 2 in Axes
   920 | D:1      | Gained mutation: You have a moderately thin skeletal
                  | structure. (Dex +4, Stealth+) [demonic ancestry]
   920 | D:1      | Reached XP level 3. HP: 10/29 MP: 3/3
  2285 | D:2      | Gained mutation: When hurt, damage is shared between your
                  | health and your magic reserves. [demonic ancestry]
  2285 | D:2      | Reached XP level 4. HP: 28/35 MP: 4/4
  2943 | D:3      | Reached skill level 1 in Throwing
  2975 | D:3      | Noticed Terence
  2990 | D:3      | Killed Terence
  3050 | D:3      | Noticed Robin
  3064 | D:3      | Killed Robin
  3064 | D:3      | Gained mutation: You are partially covered in sharp spines.
                  | [demonic ancestry]
  3064 | D:3      | Reached XP level 5. HP: 27/41 MP: 5/5
  3564 | D:3      | Noticed Ijyb
  3573 | D:3      | Killed Ijyb
  3573 | D:3      | Reached skill level 3 in Axes
  3977 | D:3      | Found a hide-covered altar of Uskayaw.
  4063 | D:4      | Noticed an ogre
  4092 | D:4      | Killed an ogre
  4092 | D:4      | Reached XP level 6. HP: 48/48 MP: 6/6
  4344 | D:4      | Reached skill level 4 in Axes
  4420 | D:4      | Noticed an ice beast
  4428 | D:4      | Killed an ice beast
  4428 | D:4      | Gained mutation: You are mostly covered in sharp spines.
                  | [demonic ancestry]
  4428 | D:4      | Reached XP level 7. HP: 54/54 MP: 7/7
  4435 | D:4      | Reached skill level 1 in Dodging
  4936 | D:4      | Found a glowing golden altar of the Shining One.
  4952 | D:4      | Noticed Natasha
  4954 | D:4      | Killed Natasha
  5128 | D:4      | Noticed Natasha
  5134 | D:4      | Killed Natasha
  5226 | D:5      | Entered Level 5 of the Dungeon
  5365 | D:5      | Reached XP level 8. HP: 57/60 MP: 8/8
  5378 | D:5      | Found a shattered altar of Ashenzari.
  5380 | D:5      | Found a shadowy altar of Dithmenos.
  5394 | D:5      | Became a worshipper of Ashenzari the Shackled
  5415 | D:5      | Noticed Sigmund
  5435 | D:5      | Killed Sigmund
  5435 | D:5      | Reached skill level 5 in Axes
  5509 | D:5      | Found Ammuat's Magic Scroll Shop.
  5721 | D:5      | Noticed Blork the orc
  5726 | D:5      | Killed Blork the orc
  5828 | D:5      | Reached skill level 1 in Stealth
  6167 | D:6      | Noticed kaldamae's ghost (novice OpMo)
  6211 | D:6      | Found Isinigh's Antique Armour Shop.
  6229 | D:6      | Reached skill level 5 in Throwing
  6321 | D:6      | Found a runed translucent gate.
  6321 | D:6      | Found a runed translucent gate.
  6323 | D:6      | Found a runed translucent gate.
  6626 | D:6      | Found a shattered altar of Ashenzari.
  6627 | D:6      | Reached * piety under Ashenzari
  6836 | D:6      | Found a white marble altar of Elyvilon.
  7098 | D:7      | Reached skill level 6 in Axes
  7098 | D:7      | Gained mutation: You regenerate magic rapidly. [demonic
                  | ancestry]
  7098 | D:7      | Reached XP level 9. HP: 43/67 MP: 6/9
  7314 | D:7      | Reached skill level 5 in Shields
  7326 | D:7      | Found a staircase to the Ecumenical Temple.
  7359 | D:7      | Found a sacrificial altar of Ru.
  7462 | D:7      | Reached skill level 5 in Fighting
  7478 | D:7      | Found a shimmering altar of Xom.
  8067 | D:8      | Reached skill level 5 in Armour
  8102 | D:8      | Reached skill level 7 in Axes
  8117 | D:8      | Found a sparkling altar of Nemelex Xobeh.
  8338 | D:8      | Found a radiant altar of Vehumet.
  8344 | D:8      | Identified the +3 hand axe "Toitetum" {freeze, Stlth+}
  8862 | D:8      | Reached XP level 10. HP: 73/76 MP: 10/10
  8864 | D:8      | Reached skill level 8 in Axes
  8892 | D:8      | Noticed a three-headed hydra
  8900 | D:8      | Killed a four-headed hydra
  9245 | D:9      | Found a shimmering blue altar of Sif Muna.
  9283 | D:9      | Reached ** piety under Ashenzari
  9319 | D:9      | Found a burning altar of Makhleb.
  9373 | D:9      | Found a staircase to the Orcish Mines.
  9999 | D:9      | Reached skill level 9 in Axes
 10005 | D:9      | Paralysed by a hornet for 2 turns
 10097 | D:9      | Paralysed by an orc warrior for 6 turns
 10488 | D:10     | Entered Level 10 of the Dungeon
 10490 | D:10     | Found Juuloafrixt's Weapon Boutique.
 10508 | D:10     | Found Caiziano's Jewellery Emporium.
 10936 | D:5      | Bought a scroll of acquirement for 624 gold pieces
 10938 | D:5      | Acquired the cursed ring of Raur {+Blink rF+ rC+++ Int-2
                  | Dex-5}
 11113 | D:6      | Killed kaldamae's ghost
 11113 | D:6      | Reached XP level 11. HP: 43/83 MP: 6/11
 11316 | D:10     | Found Xyheguax's Food Shop.
 11326 | D:10     | Found the +18 shield of the Gong {rElec rN+ MR+ EV-5}
 11558 | D:10     | Reached skill level 5 in Stealth
 11706 | D:10     | Identified a +1 pair of boots of running
 11797 | D:10     | Identified the +5 war axe of Fificsi {vorpal, Fragile rElec
                  | rF++}
 11854 | D:10     | Found Zilashropp's Book Emporium.
 12109 | D:10     | Reached *** piety under Ashenzari
 12297 | D:11     | Reached skill level 10 in Axes
 12322 | D:11     | Found a gate leading to a gauntlet.
 12331 | Gauntlet | Entered a Gauntlet
 12331 | Gauntlet | Found a runed translucent gate.
 12331 | Gauntlet | Found a transporter.
 12331 | Gauntlet | Found a transporter.
 12331 | Gauntlet | Noticed a death ooze
 12334 | Gauntlet | Found a runed translucent gate.
 12335 | Gauntlet | Found a runed translucent gate.
 12341 | Gauntlet | Found a transporter.
 12344 | Gauntlet | Found a transporter.
 12352 | Gauntlet | Found a transporter.
 12353 | Gauntlet | Identified the ring of Due Proportion {rPois MR+}
 12355 | Gauntlet | Found a transporter.
 12363 | Gauntlet | Found a transporter.
 12372 | Gauntlet | Noticed a balrug
 12381 | Gauntlet | Identified the ring "Pirch" {rC+ Str+3}
 12381 | Gauntlet | Found a transporter.
 12381 | Gauntlet | Noticed a hell beast
 12385 | Gauntlet | Found a transporter.
 12388 | Gauntlet | Found a transporter.
 12389 | Gauntlet | Noticed a tengu warrior
 12398 | Gauntlet | Found a transporter.
 12401 | Gauntlet | Found a transporter.
 12745 | Gauntlet | Got the cursed plate armour of Ycsiq {rPois MR- Str-2
                  | Slay+5}
 12999 | Gauntlet | Killed a balrug
 13224 | Gauntlet | Noticed a minotaur
 13234 | Gauntlet | Killed a minotaur
 13542 | D:11     | Found a staircase to the Lair.
 13638 | D:11     | Gained mutation: You have large cloven feet. [demonic
                  | ancestry]
 13638 | D:11     | Reached XP level 12. HP: 81/91 MP: 12/12
 13797 | D:11     | Reached skill level 11 in Axes
 13921 | D:11     | Reached **** piety under Ashenzari
 14602 | D:12     | Noticed Maurice
 14614 | D:12     | Killed Maurice
 14637 | D:12     | Noticed a death yak
 14637 | D:12     | Noticed a two-headed ogre
 14637 | D:12     | Noticed a death knight
 14639 | D:12     | Noticed a death yak
 14641 | D:12     | Noticed a death yak
 14642 | D:12     | Noticed a death yak
 14665 | D:12     | Killed a death yak
 14666 | D:12     | Killed a two-headed ogre
 14667 | D:12     | Killed a death yak
 14704 | D:12     | Noticed Erolcha
 14713 | D:12     | Killed Erolcha
 14983 | D:12     | Killed a death knight
 14987 | D:12     | HP: 4/92 [freezing wraith[a death knight] (1)]
 15396 | D:12     | Killed a death yak
 15396 | D:12     | Reached skill level 12 in Axes
 15408 | D:12     | Killed a death yak
 16003 | D:12     | Noticed Gastronok
 16025 | D:12     | Killed Gastronok
 16280 | D:13     | Gained mutation: You have an unnaturally thin skeletal
                  | structure. (Dex +6, Stealth++) [demonic ancestry]
 16280 | D:13     | Reached XP level 13. HP: 64/99 MP: 8/13
 17144 | D:13     | Noticed Frances
 17165 | D:13     | Killed Frances
 17944 | D:14     | Reached skill level 13 in Axes
 18092 | D:14     | Found an iron altar of Okawaru.
 18240 | D:14     | Found a gate to the Vaults.
 18259 | D:14     | HP: 5/101 [troll (12)]
 18260 | D:14     | HP: 1/101 [freezing wraith (4)]
 18260 | D:14     | Mangled by a freezing wraith

Illustrated notes

Levels and vault maps discovered:
D:1:      lightli_arrival_lavapool, layout_basic
D:2:      layout_basic, minivault_24
D:3:      layout_loops_corners, nicolae_overflow_hidden_temple, roderic_batcave,
          uniq_robin, uniq_ijyb, uniq_terence
D:4:      layout_loops_ring, first_ration, tso_metal_star, uniq_natasha
D:5:      layout_basic, grunt_temple_overflow_open, serial_shops,
          nicolae_shop_competitors_out_of_business, supply_closet_lemuel,
          kennysheep_nondescript, minmay_between, uniq_sigmund,
          uniq_blork_the_orc
D:6:      layout_basic, kennysheep_little_box, gammafunk_ghost_icy,
          serial_shops, kennysheep_mini, ashenzari_altar_1
D:7:      layout_basic, nicolae_ru_sacrificial_ziggurat, kb_xom_exploding_sheep,
          minmay_temple_entry_statues_fountains
D:8:      layout_rooms, vehumet_crystals, old_standard_altar, hangedman_ranch
          [blue_anna_fruit_fields]
D:9:      layout_grid_maze, lemuel_crystal_altar, lemuel_doored_altar,
          zombieorc1_lemuel, minmay_fractal_squares_gapless_7
D:10:     layout_gridville, serial_shops, nicolae_shop_crystal,
          nicolae_shop_stone, shop, nicolae_shop_crystal
D:11:     layout_basic, due_lair_maze_entry_diamond, gauntlet_entry_generic
D:12:     argonaut_augean_stables, layout_rooms, minivault_4, uniq_erolcha,
          uniq_gastronok, uniq_maurice
D:13:     layout_stronghold, kennysheep_kite_vault, uniq_frances
D:14:     layout_loops_ring, david_vaults_1, lemuel_crystal_altar, uniq_roxanne

Skill      XL: |  1  2  3  4  5  6  7  8  9 10 11 12 13 |
---------------+----------------------------------------+-----
Shields        | 3 4 5 6 7 9 |  9.7
Axes           | 2 3 4 6 7 9 10 12 13 | 13.0
Armour         | 3 4 5 6 7 |  7.9
Throwing       | 1 2 4 5 6 |  6.5
Fighting       | 4 5 6 7 8 9 |  9.3
Dodging        | 1 2 3 4 |  4.5
Stealth        | 1 2 4 5 6 |  6.0
Evocations     | |  0.8

Action                   |  1- 3 |  4- 6 |  7- 9 | 10-12 | 13-15 || total
-------------------------+-------+-------+-------+-------+-------++-------
Melee: War axe           |   119 |   124 |   250 |   577 |   150 ||  1220
Throw: Boomerang         |     6 |    68 |    73 |       |       ||   147
       Javelin           |       |       |       |    36 |    12 ||    48
Invok: Curse Item        |       |       |     3 |     1 |       ||     4
Evoke: Wand              |       |       |     3 |     7 |     1 ||    11
  Use: Potion            |       |     2 |       |     5 |       ||     7
       Scroll            |       |       |    16 |    10 |     3 ||    29
 Stab: Sleeping          |     2 |       |     6 |    24 |     5 ||    37
       Distracted        |       |       |       |     2 |     1 ||     3
  Eat: Chunk             |     4 |     7 |    15 |     9 |     7 ||    42
       Ration            |       |       |       |     4 |       ||     4
Armor: Scale mail        |    74 |    48 |    66 |   156 |    44 ||   388
Dodge: Dodged            |    44 |    34 |    70 |   127 |    36 ||   311
Block: Kite shield       |    77 |    72 |   195 |   452 |   155 ||   951
       Reflection        |       |       |     4 |    18 |     6 ||    28
